Map: Ephemeron LE

Players

Serral - Winner!

  • Race: Zerg Zerg
  • League: Master
  • Spawn Location: 5:00

MarineLorD

  • Race: Terran Terran
  • League: Master
  • Spawn Location: 11:00

Event: HomeStory Cup XX

VOD

Have the link to the VOD?

Description

Time

  • Played on: Nov. 22, 2019, 10:31 a.m.
  • Length: 16:00

All games in this series

Show
View Real Time Build Order
Export as new Build Order

Serral Zerg - Winner!

Build Orders: Hatch First, Swarm Host 

Get SALT Encoding   

  12  0:00  Drone  
  13  0:13  Overlord  
  13  0:17  Drone  
  14  0:31  Drone x2  
  16  0:48  Hatchery  
  15  0:53  Drone  
  15  0:56  Drone  
  17  0:59  Drone  
  18  1:09  Extractor  
  17  1:14  Spawning Pool  
  17  1:17  Drone  
  17  1:21  Drone  
  18  1:28  Drone  
  19  1:41  Drone  
  20  2:00  Queen x2  
  24  2:01  Zergling x2  
  24  2:03  Zergling x4  
  27  2:12  Metabolic Boost, Overlord  
  27  2:14  Drone  
  28  2:30  Drone x2  
  28  2:32  Drone  
  28  2:33  Drone  
  28  2:36  Queen  
  34  2:47  Overlord  
  34  2:48  Drone  
  34  2:54  Drone  
  35  3:02  Pneumatized Carapace  
  35  3:09  Drone x2  
  35  3:11  Drone x3  
  35  3:12  Overlord  
  40  3:15  Drone  
  41  3:20  Extractor  
  41  3:22  Hatchery  
  40  3:27  Queen  
  40  3:31  Drone  
  40  3:33  Drone  
  44  3:37  Drone x2  
  46  3:41  Drone x2  
  46  3:42  Drone  
  46  3:45  Zergling x4  
  46  3:48  Overlord  
  51  3:52  Overlord  
  51  4:00  Overlord  
  51  4:04  Extractor, Roach Warren  
  51  4:05  Extractor  
  51  4:06  Drone  
  51  4:07  Drone x2  
  51  4:13  Drone  
  51  4:16  Drone x2  
  54  4:17  Overlord  
  54  4:21  Zergling x4  
  56  4:27  Overlord  
  56  4:28  Zergling x2  
  56  4:29  Zergling x2  
  58  4:35  Queen  
  60  4:44  Roach x4  
  68  4:46  Roach x2  
  68  4:52  Roach x2  
  76  4:57  Overlord  
  78  5:00  Roach x2  
  80  5:07  Lair  
  80  5:11  Zergling x10  
  85  5:15  Zergling x6  
  84  5:22  Zergling x8  
  84  5:28  Spore Crawler x2  
  83  5:29  Spore Crawler  
  83  5:34  Ravager x3  
  83  5:35  Zergling x4  
  88  5:42  Drone  
  88  5:43  Drone x4  
  88  5:46  Drone  
  88  5:48  Ravager x2, Drone  
  96  5:51  Drone  
  97  5:59  Ravager  
  97  6:00  Drone x6  
  100  6:10  Drone  
  94  6:11  Drone x4  
  94  6:14  Drone x2  
  94  6:17  Extractor  
  95  6:22  Queen, Spire  
  87  6:26  Queen  
  87  6:28  Drone  
  80  6:34  Drone x2  
  80  6:36  Glial Reconstitution  
  80  6:37  Extractor  
  80  6:38  Extractor, Roach  
  80  6:39  Roach x2  
  86  6:44  Spore Crawler  
  86  6:46  Spore Crawler, Roach  
  86  6:47  Overseer, Spore Crawler  
  85  6:52  Drone x2  
  84  6:55  Drone x3  
  84  6:56  Drone  
  84  7:00  Drone x3  
  91  7:02  Drone  
  91  7:05  Drone  
  91  7:06  Drone  
  91  7:07  Drone  
  94  7:10  Overlord  
  94  7:16  Evolution Chamber  
  94  7:21  Drone x6  
  99  7:24  Overlord  
  99  7:28  Overlord  
  99  7:36  Hatchery  
  98  7:38  Corruptor  
  98  7:39  Corruptor  
  98  7:42  Drone  
  103  7:44  Corruptor  
  103  7:48  Corruptor  
  107  7:55  Corruptor x2  
  111  8:05  Overlord  
  111  8:09  Zerg Flyer Weapons Level 1  
  111  8:11  Infestation Pit  
  111  8:20  Drone x4  
  111  8:24  Overlord x2  
  115  8:29  Overlord  
  115  8:35  Roach x6  
  115  8:39  Infestation Pit  
  118  8:43  Extractor  
  118  8:45  Extractor  
  118  8:46  Drone  
  118  8:47  Drone x5  
  122  8:50  Overlord  
  123  8:56  Swarm Host x6  
  123  8:57  Nydus Network  
  123  9:01  Swarm Host  
  123  9:02  Swarm Host x3  
  152  9:06  Overlord  
  152  9:13  Swarm Host x5  
  167  9:18  Overlord  
  167  9:20  Zerg Missile Weapons Level 1  
  167  9:22  Evolution Chamber  
  166  9:28  Drone, Baneling Nest  
  166  9:31  Zergling x4  
  168  9:35  Hatchery  
  168  9:36  Drone  
  168  9:38  Nydus Canal  
  167  9:43  Ravager x5  
  167  9:44  Zergling x12  
  178  9:49  Zerg Melee Weapons Level 1  
  178  9:55  Nydus Canal  
  178  9:58  Hive  
  178  9:59  Zergling x12  
  184  10:12  Centrifical Hooks  
  184  10:13  Drone x3  
  187  10:16  Zergling x10  
  192  10:30  Nydus Canal  
  192  10:34  Spore Crawler  
  191  10:36  Baneling x12  
  191  10:37  Baneling x3  
  191  10:45  Nydus Canal  
  191  10:55  Overlord  
  191  11:00  Nydus Canal  
  190  11:08  Baneling  
  190  11:09  Baneling x7  
  190  11:12  Greater Spire  
  190  11:14  Overlord  
  190  11:17  Zergling x12, Roach x2  
  185  11:27  Zergling x40  
  185  11:31  Nydus Canal  
  194  11:39  Zerg Missile Weapons Level 2  
  194  11:45  Baneling x17  
  193  11:48  Extractor, Spore Crawler  
  193  11:49  Extractor  
  193  11:50  Queen, Drone x6, Spine Crawler  
  193  11:51  Drone x3  
  200  11:57  Nydus Canal  
  200  11:58  Overlord x2  
  200  12:01  Hatchery, Overlord  
  200  12:03  Overlord x2  
  199  12:17  Zerg Melee Weapons Level 2  
  199  12:26  Zerg Flyer Weapons Level 2  
  197  12:31  Drone x3  
  190  12:46  Zergling x36  
  190  12:48  Zergling x12  
  193  12:56  Zergling x16  
  200  13:00  Pathogen Glands, Burrow  
  200  13:09  Baneling x34  
  200  13:30  Spine Crawler  
  200  13:32  Spine Crawler, Roach  
  200  13:36  Baneling x7  
  200  13:37  Baneling x4  
  199  13:55  Roach x2  
  195  13:56  Ravager x2  
  195  13:57  Zergling x6, Neural Parasite  
  195  14:01  Zerg Ground Armor Level 1  
  200  14:07  Baneling x19  
  198  14:35  Zergling x8  
  171  14:48  Zergling x34  
  171  14:50  Zergling x14, Roach x3  
  171  14:51  Zergling x6, Roach  
  200  14:55  Baneling x13  
  200  15:12  Hydralisk Den  
  199  15:16  Baneling x16  
  199  15:17  Baneling x2  
  190  15:40  Nydus Canal  
  188  15:48  Lurker Den  
Show
View Real Time Build Order
Export as new Build Order

MarineLorD Terran 

Build Orders: Reaper Expand, Mech 

Get SALT Encoding   

  12  0:00  SCV  
  13  0:12  SCV  
  14  0:17  Supply Depot  
  14  0:24  SCV  
  15  0:38  SCV  
  15  0:40  Barracks  
  16  0:43  Refinery  
  16  0:51  SCV  
  17  1:03  SCV  
  18  1:15  SCV  
  19  1:27  Orbital Command  
  19  1:28  Reaper  
  20  1:40  Command Center  
  20  1:53  SCV  
  21  1:54  Supply Depot  
  21  2:00  Marine  
  22  2:05  SCV  
  23  2:13  Refinery  
  23  2:17  Factory, SCV  
  23  2:20  Barracks Reactor  
  24  2:29  SCV  
  25  2:41  SCV  
  26  2:53  Orbital Command, SCV  
  27  3:03  Starport  
  28  3:05  SCV  
  28  3:06  Marine  
  28  3:07  Hellion x2  
  33  3:17  SCV  
  34  3:20  SCV  
  34  3:26  Marine  
  36  3:28  Hellion x2  
  36  3:29  SCV  
  36  3:32  Supply Depot, SCV  
  42  3:42  SCV  
  42  3:44  Fusion Core, SCV  
  42  3:45  Supply Depot  
  43  3:51  Starport Tech Lab, Supply Depot  
  43  3:54  Hellion, SCV  
  46  4:06  SCV x2  
  46  4:07  Hellion  
  50  4:18  Command Center, SCV  
  50  4:19  SCV  
  52  4:31  SCV  
  53  4:32  Refinery, Supply Depot, SCV  
  53  4:34  Refinery  
  54  4:43  Battlecruiser  
  54  4:44  SCV  
  61  4:46  SCV  
  62  4:56  SCV  
  62  4:58  Supply Depot  
  62  4:59  SCV  
  64  5:01  Hellion, Supply Depot  
  64  5:02  Hellion  
  68  5:09  SCV  
  68  5:11  SCV  
  70  5:21  SCV  
  67  5:22  Hellion  
  67  5:23  Hellion, SCV  
  71  5:30  Factory  
  71  5:32  Factory  
  71  5:33  SCV  
  71  5:35  SCV  
  73  5:45  SCV  
  73  5:47  SCV  
  73  5:48  Supply Depot  
  75  5:57  SCV  
  75  5:59  SCV  
  77  6:09  SCV  
  67  6:11  SCV  
  67  6:14  Hellion x2  
  71  6:21  SCV  
  71  6:23  SCV  
  75  6:33  SCV  
  75  6:35  Supply Depot, SCV  
  75  6:36  Supply Depot  
  76  6:44  Factory Tech Lab x2  
  76  6:45  SCV  
  79  6:47  SCV  
  79  6:48  Supply Depot  
  80  6:57  SCV  
  80  7:00  Supply Depot x2, SCV  
  82  7:07  Siege Tank  
  82  7:08  Siege Tank  
  82  7:09  Hellion x2  
  82  7:10  SCV  
  82  7:12  SCV  
  89  7:15  Factory  
  89  7:16  Factory  
  89  7:18  Orbital Command  
  89  7:22  SCV  
  89  7:24  SCV  
  89  7:25  Supply Depot  
  89  7:26  Supply Depot  
  90  7:33  Hellion x2  
  90  7:34  SCV  
  95  7:46  Armory  
  95  7:48  Armory  
  95  7:51  Supply Depot  
  95  7:52  SCV x2  
  95  7:53  Refinery  
  95  7:54  Refinery  
  98  8:02  Factory Tech Lab, Factory Reactor  
  98  8:04  SCV x2  
  99  8:08  SCV  
  100  8:16  SCV  
  100  8:17  SCV  
  100  8:18  Siege Tank x2  
  100  8:19  Infernal Pre-Igniter  
  108  8:21  SCV  
  109  8:28  SCV  
  109  8:29  Starport Reactor, SCV  
  109  8:33  SCV  
  112  8:38  Terran Vehicle And Ship Armor Level 1, Terran Vehicle Weapons Level 1  
  112  8:41  Command Center  
  110  8:46  SCV x3  
  116  8:50  Siege Tank  
  116  8:51  Engineering Bay  
  116  8:52  Thor  
  122  8:56  Thor  
  122  8:59  SCV x2  
  130  9:03  SCV  
  130  9:09  Supply Depot  
  131  9:11  Supply Depot, SCV  
  131  9:12  SCV  
  131  9:21  Liberator x2  
  131  9:23  Missile Turret  
  132  9:28  Hellion x3  
  132  9:29  Hellion  
  136  9:35  Siege Tank  
  141  9:39  Siege Tank  
  141  9:40  Missile Turret  
  141  9:44  Siege Tank  
  147  9:49  Hellbat x3  
  147  9:51  Hellbat  
  155  9:54  Command Center  
  153  10:11  Widow Mine, Siege Tank x2  
  87  10:14  Liberator x2  
  151  10:16  Siege Tank  
  148  10:21  SCV x3  
  148  10:26  Refinery  
  148  10:33  SCV x3  
  155  10:43  Hellbat x2, Siege Tank  
  155  10:44  Hellbat x2  
  155  10:45  SCV x3  
  169  10:54  Terran Vehicle And Ship Armor Level 2, Terran Vehicle Weapons Level 2  
  163  10:57  SCV x2  
  163  10:58  SCV  
  164  11:09  SCV  
  164  11:10  SCV  
  152  11:13  Orbital Command  
  152  11:25  Siege Tank  
  152  11:26  Siege Tank  
  152  11:27  Refinery  
  152  11:30  Refinery  
  155  11:34  SCV x3  
  155  11:41  Planetary Fortress  
  155  11:43  Orbital Command  
  153  11:48  Hellion x3  
  153  11:49  SCV  
  153  11:50  Refinery  
  153  11:51  SCV x2  
  162  12:01  Viking x2, SCV  
  162  12:03  SCV  
  162  12:07  Missile Turret  
  165  12:08  Refinery  
  165  12:15  SCV x2  
  167  12:22  SCV x3  
  170  12:24  Missile Turret  
  170  12:27  SCV  
  171  12:30  Thor x3  
  171  12:32  Refinery  
  189  12:40  Viking x2, Command Center  
  189  12:42  Supply Depot  
  139  12:53  Liberator x2  
  139  12:57  Hellbat x3  
  137  13:13  Siege Tank  
  137  13:15  Terran Vehicle Weapons Level 3  
  140  13:21  Hellion x5  
  140  13:23  Siege Tank  
  153  13:27  Command Center  
  153  13:37  Factory  
  153  13:38  Factory  
  153  13:39  Factory  
  153  13:52  Siege Tank x2  
  153  13:53  Hellion x3  
  153  13:54  Hellion  
  142  13:59  Command Center  
  142  14:10  SCV x3  
  145  14:22  SCV x3  
  148  14:34  SCV x2  
  125  14:47  Hellbat  
  125  14:48  Hellbat x3, Factory Tech Lab x2, Factory Reactor  
  131  14:55  Viking x2  
  131  14:58  SCV x2  
  131  14:59  SCV  
  132  15:04  Siege Tank x3  
  141  15:10  SCV x2  
  143  15:18  Refinery  
  147  15:21  Hellbat x3  
  147  15:22  Refinery  
  147  15:25  Viking x2  
  152  15:29  Orbital Command  
  152  15:35  SCV x3  
  138  15:47  SCV x3  
Tags
 
Add a new tag
Caveats
  • Supply blocks, unpowered buildings, or Contaminate may cause inaccurate times.
  • Supply counts are checked every 10 seconds.